[Event "*** SCC Grand Prix: Titled Tuesday Blitz"]
[Site "Chess.com"]
[Date "2020.08.25"]
[Round "9"]
[White "annamaja"]
[Black "frequentblunders"]
[Result "1-0"]
[WhiteElo "2240"]
[BlackElo "2064"]
[TimeControl "180+1"]
[EndTime "11:46:06 PDT"]
[Termination "annamaja won by checkmate"]

1. e4 e6 2. d4 c5 3. Nf3 cxd4 4. Nxd4 Nf6 5. Bd3 Nc6 6. Nb3 d5 7. Nc3 Bb4 8. exd5 exd5 9. O-O O-O 10. Bg5 Be6 11. Ne2 h6 12. Bh4 Be7 13. Nbd4 Bg4 14. f3 Bh5 15. g4 Nxg4 16. Bxe7 Qxe7 17. Nxc6 bxc6 18. fxg4 Bxg4 19. Qd2 Rae8 20. Ng3 Qh4 21. Rf2 g6 22. Re1 Rxe1+ 23. Qxe1 f5 24. Qe5 Qg5 25. Kg2 h5 26. Qf4 Qf6 27. c4 h4 28.
Nf1 g5 29. Qe3 f4 30. Qxa7 h3+ 31. Kg1 Be6 32. Qh7# 1-0

[Event "*** SCC Grand Prix: Titled Tuesday Blitz"]
[Site "Chess.com"]
[Date "2020.08.25"]
[Round "9"]
[White "m_ezat"]
[Black "tteshan"]
[Result "1-0"]
[WhiteElo "2571"]
[BlackElo "2368"]
[TimeControl "180+1"]
[EndTime "11:46:08 PDT"]
[Termination "m_ezat won by resignation"]

1. d4 d5 2. c4 dxc4 3. e3 Nf6 4.
Bxc4 e6 5. Nc3 a6 6. Nf3 b5 7. Bb3 Bb7 8. O-O Nbd7 9. Qe2 c5 10.
Rd1 Qb6 11. a4 b4 12. a5 Qa7 13. Na4 cxd4 14. Nxd4 Be7 15. Bxe6 fxe6 16. Nxe6 Bd5 17. Nxg7+ Kf7 18. Nf5 Qb7 19. e4 Bxe4 20. Nxe7 Bxg2 21. Nf5 Qf3 22. Qe7+ Kg6 23. Nh4+ Kh5 24. Nxf3 Bxf3 25. Qf7+ Kh4 26. Rd4+ Kh3 27. Qe6+ Ng4 28. Qf5 Kh4 29. Qg5+ 1-0

[Event "*** SCC Grand Prix: Titled Tuesday Blitz"]
[Site "Chess.com"]
[Date "2020.08.25"]
[Round "9"]
[White "Colombiano07"]
[Black "Kaliopa"]
[Result "1-0"]
[WhiteElo "2295"]
[BlackElo "2178"]
[TimeControl "180+1"]
[EndTime "11:46:11 PDT"]
[Termination "Colombiano07 won by checkmate"]

1. d4 Nf6 2. Bf4 d5 3. e3 c5 4. c3 Nc6 5. Nd2 Bf5 6. Ngf3 e6 7. Bb5 Rc8 8. Qa4 a6 9. Bxc6+ bxc6 10. Qxa6 c4 11.
O-O Nd7 12. b3 cxb3 13. axb3 Be7 14. Qb7 O-O 15. Ra7 e5 16. Nxe5 Nxe5 17. Bxe5 Bd6 18. Nf3 Rc7 19. Qb6 Rxa7 20. Qxa7 Bxe5 21. Nxe5 Qd6 22. b4 f6 23. Nf3 Bd3 24. Ra1 h5 25. Qc5 Qd7 26. h3 Rf7 27. Ra8+ Kh7 28. Rf8 Re7 29. Qa5 Be4 30. Nd2 Qf5 31. Nxe4 Qxe4 32. Qd8 Qb1+ 33. Kh2 Rb7 34. Rh8+ Kg6 35. Qe8+ Kg5 36.
Qxh5# 1-0

[Event "*** SCC Grand Prix: Titled Tuesday Blitz"]
[Site "Chess.com"]
[Date "2020.08.25"]
[Round "9"]
[White "kleopl"]
[Black "alfiefischer77"]
[Result "0-1"]
[WhiteElo "2427"]
[BlackElo "2313"]
[TimeControl "180+1"]
[EndTime "11:46:12 PDT"]
[Termination "alfiefischer77 won by resignation"]

1. c4 Nf6 2. Nc3 e6 3. e4 d5 4. e5 d4 5. exf6 dxc3 6. bxc3 Qxf6 7. Nf3 Nc6 8. d4 e5 9. Be2 Bg4 10. O-O O-O-O 11. Nxe5 Bxe2 12. Qxe2 Nxe5 13. dxe5 Qe6 14. f4 Bc5+ 15. Be3 Qb6 16. Bxc5 Qxc5+ 17. Kh1 Kb8 18.
Rab1 Rhe8 19. Rb5 Qc6 20. Rfb1 Rd7 21. h3 Red8 22. Rxb7+ Qxb7 23. Rxb7+ Kxb7 24. Qe4+ Kb6 25. Qxh7 g6 26. Qg7 Kc5 27. e6 fxe6 28. Qe5+ Kxc4 29. Qxe6+ Kxc3 30. Qxg6 c5 31. h4 c4 32. h5 Rd6 33.
Qg7+ Kd2 34. Qb2+ Kd3 35. Qb1+ Kd2 36. Qb2+ Kd3 37. Qc1 c3 38. Kh2 c2 39. f5 Kc3 40.
h6 Rd1 41. Qa3+ Kd2 42. Qb4+ Ke2 43. Qe4+ Kd2 44. Qb4+ Ke2 45. Qb1 cxb1=Q 0-1

[Event "*** SCC Grand Prix: Titled Tuesday Blitz"]
[Site "Chess.com"]
[Date "2020.08.25"]
[Round "9"]
[White "parintele_chess"]
[Black "Smascher17"]
[Result "0-1"]
[WhiteElo "2151"]
[BlackElo "2366"]
[TimeControl "180+1"]
[EndTime "11:46:14 PDT"]
[Termination "Smascher17 won by resignation"]

1. c4 Nf6 2. d4 g6 3. Nc3 Bg7 4.
e4 d6 5. Be2 O-O 6. Bg5 h6 7.
Be3 c5 8. d5 e6 9. f3 exd5 10.
cxd5 a6 11. a4 Nbd7 12. Qd2 Ne5 13. Bxh6 Nh5 14. Bxg7 Kxg7 15. g4 Qh4+ 16. Kd1 Ng3 17. hxg3 Qxh1 18. Kc2 Qh2 19. g5 Qxg3 20. f4 Ng4 21. Bxg4 Bxg4 22. Nge2 Bxe2 23. Nxe2 Qf3 24.
Qc3+ Qxc3+ 25. bxc3 b5 26. a5 Rh8 27. Re1 Rh2 28. Kd3 Rh3+ 29. Kd2 Re8 30. Ng1 Rh4 31. e5 Rxf4 32. exd6 Rd8 33. Nh3 Rf5 34. c4 bxc4 35. Kc3 Rxd6 36. Kxc4 Rdxd5 37. Rb1 Rd4+ 38. Kc3 Rf3+ 39. Kc2 Rxh3 40. Rb6 Rg4 0-1

[Event "*** SCC Grand Prix: Titled Tuesday Blitz"]
[Site "Chess.com"]
[Date "2020.08.25"]
[Round "9"]
[White "topotun"]
[Black "ChessWarrior7197"]
[Result "1-0"]
[WhiteElo "2736"]
[BlackElo "2905"]
[TimeControl "180+1"]
[EndTime "11:46:20 PDT"]
[Termination "topotun won by resignation"]

1. e4 c5 2. Nf3 d6 3. d4 Nf6 4. dxc5 Nxe4 5. cxd6 Nc6 6. Na3 e6 7. Nb5 Nxd6 8. Bf4 Qa5+ 9. Bd2 Qd8 10. Bf4 Qa5+ 11.
Qd2 Qxd2+ 12. Nxd2 Nxb5 13. Bxb5 Bd7 14. Nc4 O-O-O 15. O-O-O f6 16. Be3 Be7 17. Bxa7 e5 18.
Nb6+ Kc7 19. Nd5+ Kd6 20. Nxf6+ Kc7 21. Nd5+ Kd6 22. Bb6 Nd4 23. Bxd8 Bxd8 24. Bxd7 Kxd7 25.
c3 Nc6 26. Nb4+ Ke6 27. Nxc6 bxc6 28. Kc2 Bb6 29. f3 h5 30. Rhe1 Rh6 31. Re2 Rg6 32.
b4 h4 33. h3 Rf6 34. a4 Rf4 35. Re4 Rf6 36. Rxh4 Rf7 37. Rg4 Bc7 38. Rg6+ Kf5 39.
Rxc6 1-0

[Event "*** SCC Grand Prix: Titled Tuesday Blitz"]
[Site "Chess.com"]
[Date "2020.08.25"]
[Round "9"]
[White "dosto07"]
[Black "Zarinur"]
[Result "1-0"]
[WhiteElo "2322"]
[BlackElo "2140"]
[TimeControl "180+1"]
[EndTime "11:46:20 PDT"]
[Termination "dosto07 won by checkmate"]

1. e4 e5 2. Nf3 Nc6 3. Bb5 a6 4. Ba4 d6 5. Bxc6+ bxc6 6. d4 f6 7. Nc3 Ne7 8. Be3 Ng6 9. Qe2 Be7 10. O-O-O Be6 11. dxe5 fxe5 12. h4 Qb8 13. h5 Nf4 14. Bxf4 exf4 15. Nd4 Bd7 16. e5 Qb6 17. exd6 cxd6 18. Rhe1 O-O 19. Qxe7 Bg4 20. f3 Bxh5 21.
Qxd6 Rab8 22. b3 Qa5 23. Kb2 c5 24. Ne6 Rfe8 25. Qe5 Rb7 26. Qxh5 Rf7 27. Ng5 Rxe1 28. Qxf7+ Kh8 29. Qf8# 1-0

[Event "*** SCC Grand Prix: Titled Tuesday Blitz"]
[Site "Chess.com"]
[Date "2020.08.25"]
[Round "9"]
[White "chito89"]
[Black "Chess_Boxer123"]
[Result "1-0"]
[WhiteElo "2776"]
[BlackElo "2545"]
[TimeControl "180+1"]
[EndTime "11:46:22 PDT"]
[Termination "chito89 won by checkmate"]

1. d4 d5 2. c4 c6 3. Nf3 Nf6 4. e3 e6 5. b3 Ne4 6. Bd3 f5 7. O-O Bd6 8. Ba3 O-O 9. Qc1 Qe7 10. Bxd6 Qxd6 11. Qb2 Bd7 12. c5 Qe7 13. b4 Be8 14.
Nc3 Nd7 15. Ne2 Rf6 16. Ne5 Rh6 17.
f3 Qg5 18. fxe4 Qxe3+ 19. Kh1 Nxe5 20. dxe5 Qxd3 21. exf5 exf5 22. Nd4 Qg3 23. h3 Bd7 24. Rae1 Re8 25. e6 Bxe6 26. Nxf5 Bxf5 27. Rxe8+ Kf7 28.
Rxf5+ Kxe8 29. Qe2+ Kd7 30. Rf7+ Kc8 31. Qe8# 1-0

[Event "*** SCC Grand Prix: Titled Tuesday Blitz"]
[Site "Chess.com"]
[Date "2020.08.25"]
[Round "9"]
[White "Gvetadze"]
[Black "esrosenberg"]
[Result "1-0"]
[WhiteElo "2397"]
[BlackElo "2194"]
[TimeControl "180+1"]
[EndTime "11:46:22 PDT"]
[Termination "Gvetadze won on time"]

1. Nf3 Nf6 2. g3 b5 3. Bg2 Bb7 4. O-O c5 5. Ne1 Bxg2 6. Nxg2 h5 7.
a4 b4 8. d4 c4 9. c3 a5 10. Nd2 d5 11. e4 e6 12. exd5 exd5 13. Re1+ Be7 14. Qe2 Ra7 15. Nf3 Ne4 16. Ne5 bxc3 17.
bxc3 Nxc3 18. Qf3 O-O 19. Qxc3 Bb4 20. Qe3 Bxe1 21. Nxe1 Re8 22. Qf4 f6 23. N5f3 Rae7 24. Ba3 Re4 25. Qf5 Nc6 26. Nc2 Re2 27. Ne3 R2xe3 28.
fxe3 Rxe3 29. Bc1 Re4 30. Bf4 Nb4 31. Qxh5 Qe8 32. Qxe8+ Rxe8 33. Bd2 Re2 34. Rb1 Nc2 35.
Bxa5 Re3 36. Kf2 1-0

[Event "*** SCC Grand Prix: Titled Tuesday Blitz"]
[Site "Chess.com"]
[Date "2020.08.25"]
[Round "9"]
[White "Sesleria"]
[Black "FMalexhdez"]
[Result "1-0"]
[WhiteElo "2073"]
[BlackElo "2160"]
[TimeControl "180+1"]
[EndTime "11:46:25 PDT"]
[Termination "Sesleria won by resignation"]

1. e4 c5 2. Nf3 d6 3. d4 cxd4 4. Nxd4 Nf6 5. Nc3 a6 6. f4 e5 7. Nf3 Nbd7 8. Bc4 Be7 9. O-O O-O 10. Kh1 b5 11. Bb3 Bb7 12. Qe1 b4 13. Nd5 Nxd5 14.
exd5 Bf6 15. Qxb4 Qc7 16. fxe5 Nxe5 17. Nxe5 Bxe5 18. c3 a5 19. Qh4 Qc5 20. Rf3 Bxd5 21. Rh3 h6 22. Bxh6 gxh6 23. Qxh6 Be4 24. Rh5 Rfe8 25.
Rg5+ 1-0

[Event "*** SCC Grand Prix: Titled Tuesday Blitz"]
[Site "Chess.com"]
[Date "2020.08.25"]
[Round "9"]
[White "Fortitudine"]
[Black "kobemagic"]
[Result "0-1"]
[WhiteElo "2232"]
[BlackElo "2401"]
[TimeControl "180+1"]
[EndTime "11:46:27 PDT"]
[Termination "kobemagic won by resignation"]

1. c4 g6 2. g3 Bg7 3. Bg2 Nf6 4. Nc3 O-O 5. e4 d6 6. d3 c5 7. Nge2 Nc6 8. O-O a6 9. h3 Rb8 10. a4 Ne8 11. Be3 Nd4 12. f4 Nc7 13. Kh2 b5 14. axb5 axb5 15. cxb5 Ncxb5 16. Nd5 Nxe2 17. Qxe2 e6 18.
Nc3 Nxc3 19. bxc3 Bxc3 20. Rac1 Bg7 21. Rfd1 Ba6 22. Qf2 Rb2 23. Rc2 Rxc2 24. Qxc2 Qa5 25. d4 cxd4 26. Bxd4 Rc8 27. Qd2 Qxd2 28. Rxd2 Bxd4 29.
Rxd4 Rc6 30. g4 Kf8 31. Kg3 Ke7 32. Ra4 Kd7 33. Kh4 h6 34. f5 Kc7 35. fxg6 fxg6 36. e5 d5 37. Rf4 g5+ 0-1

[Event "*** SCC Grand Prix: Titled Tuesday Blitz"]
[Site "Chess.com"]
[Date "2020.08.25"]
[Round "9"]
[White "Rodalquilar"]
[Black "GoldenShare"]
[Result "1-0"]
[WhiteElo "2622"]
[BlackElo "2494"]
[TimeControl "180+1"]
[EndTime "11:46:28 PDT"]
[Termination "Rodalquilar won by resignation"]

1. d4 d5 2. Bg5 h6 3. Bh4 c6 4. Nf3 Qb6 5. b3 Bf5 6. e3 e6 7.
Bd3 Nd7 8. O-O Ne7 9. c4 Bxd3 10. Qxd3 Nf5 11. e4 dxe4 12. Qxe4 Nxh4 13. Nxh4 Be7 14. Nc3 O-O 15. Rad1 Nf6 16. Qe3 Rad8 17. Rfe1 Ng4 18.
Qe4 Bxh4 19. Qxg4 Bf6 20. c5 Qc7 21. Ne4 Qe7 22. Nd6 b6 23. b4 a5 24. a3 axb4 25. axb4 Rxd6 26. cxd6 Qxd6 27. Qe4 Ra8 28. b5 Rc8 29. bxc6 Qxc6 30. d5 exd5 31. Rxd5 g6 32. h4 h5 33. g3 Kg7 34. Qd3 Re8 35. Rb1 Qe6 36. Rd6 Qe4 37. Qxe4 Rxe4 38. Rbxb6 Bd4 39. Rb7 1-0

[Event "*** SCC Grand Prix: Titled Tuesday Blitz"]
[Site "Chess.com"]
[Date "2020.08.25"]
[Round "9"]
[White "VinzentSpitzl"]
[Black "karinachess1"]
[Result "0-1"]
[WhiteElo "2369"]
[BlackElo "2493"]
[TimeControl "180+1"]
[EndTime "11:46:29 PDT"]
[Termination "karinachess1 won by resignation"]

1. e4 c5 2. Nf3 e6 3. g3 Nc6 4. Bg2 Nf6 5. Qe2 d6 6. O-O e5 7. h3 Be7 8. c3 O-O 9. Rd1 Qc7 10. d4 cxd4 11. cxd4 Nxd4 12. Nxd4 exd4 13. Bf4 Be6 14. Na3 Rac8 15. Rxd4 a6 16. Rad1 Rfd8 17. e5 dxe5 18. Bxe5 Qb6 19. Rxd8+ Rxd8 20. Rxd8+ Bxd8 21. Nc4 Qb5 22. Qd2 Be7 23. Bd6 Bxd6 24. Nxd6 Qd7 25. Qb4 Nd5 26.
Qc5 b6 27. Qa3 h6 28. Nc4 b5 29. Ne5 Qc7 30. Nd3 Qc2 31. b4 Nc3 32. Nc5 Qd1+ 33. Kh2 Ne2 0-1

[Event "*** SCC Grand Prix: Titled Tuesday Blitz"]
[Site "Chess.com"]
[Date "2020.08.25"]
[Round "9"]
[White "Lenyas66"]
[Black "KarpovVadim"]
[Result "1/2-1/2"]
[WhiteElo "2440"]
[BlackElo "2321"]
[TimeControl "180+1"]
[EndTime "11:46:29 PDT"]
[Termination "Game drawn by agreement"]

1. e4 e6 2. d4 d5 3. Nd2 dxe4 4. Nxe4 Bd7 5. Nf3 Bc6 6. Bd3 Nd7 7. O-O Ngf6 8. Neg5 Bd6 9. Re1 O-O 10. Ne5 h6 11.
Nxc6 bxc6 12. Ne4 c5 13. Be3 Nd5 14. c3 Nxe3 15. fxe3 Be7 16. Bc2 cxd4 17. exd4 c5 18. d5 exd5 19. Qxd5 Nf6 20. Qf5 g6 21. Qf4 Nxe4 22.
Bxe4 Bg5 23. Qf3 Rb8 24. Rad1 Qf6 25. b3 Qxf3 26. Bxf3 Rfd8 27. Kf2 Bd2 28. Re7 Bxc3 29. Rxa7 Rxd1 30. Bxd1 Bd4+ 31. Kf3 Kg7 32. Be2 c4 33. Rd7 cxb3 34. Rxd4 b2 35. Bd3 b1=Q 36. Bxb1 Rxb1 37. Ra4 Rb2 38. h3 h5 1/2-1/2

[Event "*** SCC Grand Prix: Titled Tuesday Blitz"]
[Site "Chess.com"]
[Date "2020.08.25"]
[Round "9"]
[White "phoenix_sjh"]
[Black "Chessdemon2019"]
[Result "1/2-1/2"]
[WhiteElo "2504"]
[BlackElo "2365"]
[TimeControl "180+1"]
[EndTime "11:46:31 PDT"]
[Termination "Game drawn by repetition"]

1. d4 Nf6 2. c4 e6 3. Nc3 Bb4 4.
Qc2 b6 5. e4 Bxc3+ 6. bxc3 d6 7. Bd3 e5 8. Nf3 Nc6 9. d5 Na5 10. Bg5 O-O 11. h3 h6 12. Bh4 Ba6 13. Nd2 g5 14.
Bg3 Nh5 15. h4 Nf4 16. hxg5 Qxg5 17. Bf1 f5 18. O-O-O fxe4 19. Nxe4 Qg6 20. Nd2 Qxc2+ 21. Kxc2 Kg7 22. Rh4 Ng6 23. Re4 Bc8 24. Bd3 Bf5 25. Ree1 Bxd3+ 26. Kxd3 Nf4+ 27. Kc2 Rf6 28. Rh1 Raf8 29.
Rh2 Ne2 30. Bh4 R6f7 31. Kd3 Nf4+ 32. Kc2 h5 33. Rdh1 Kg6 34. Bg3 Rh7 35. a4 Rfh8 36.
Bxf4 exf4 37. Rh4 Kg5 38. Ne4+ Kf5 39. Kd3 Nxc4 40. g4+ Ke5 41. Kxc4 Kxe4 42. gxh5 Kf3 43. R1h3+ Kxf2 44. Rxf4+ Kg2 45. Rhf3 Rxh5 46. Rf2+ Kg3 47. R2f3+ Kg2 48. Rf2+ Kg3 49. R2f3+ Kg2 1/2-1/2

[Event "*** SCC Grand Prix: Titled Tuesday Blitz"]
[Site "Chess.com"]
[Date "2020.08.25"]
[Round "9"]
[White "Sn00pPawn"]
[Black "MYMChessAcademy"]
[Result "0-1"]
[WhiteElo "1999"]
[BlackElo "2107"]
[TimeControl "180+1"]
[EndTime "11:46:33 PDT"]
[Termination "MYMChessAcademy won on time"]

1. d4 Nf6 2. c4 g6 3. Nc3 Bg7 4. e4 d6 5. Nf3 O-O 6. Be2 e5 7. O-O Nc6 8. d5 Ne7 9. Ne1 Nd7 10. Be3 f5 11. f3 f4 12. Bf2 g5 13. c5 dxc5 14. Rc1 b6 15. Nb5 h5 16. b4 Nf6 17.
bxc5 bxc5 18. Rxc5 g4 19. Nxc7 Rb8 20. d6 Ng6 21. Bc4+ Kh8 22. Nd3 gxf3 23. gxf3 Nd7 24. Rc6 Qg5+ 25. Kh1 Qf6 26. Bxa7 Ra8 27. Bf2 Bb7 28. Nd5 Qd8 29. Rc7 Bxd5 30. Bxd5 Rc8 31. Qc2 Nf6 32. Rg1 Nh4 33. Bxh4 Rxc7 0-1

[Event "*** SCC Grand Prix: Titled Tuesday Blitz"]
[Site "Chess.com"]
[Date "2020.08.25"]
[Round "9"]
[White "biostatistician"]
[Black "Marty435"]
[Result "1-0"]
[WhiteElo "2499"]
[BlackElo "2601"]
[TimeControl "180+1"]
[EndTime "11:46:35 PDT"]
[Termination "biostatistician won on time"]

1. d4 d5 2. Nf3 Nf6 3. c4 c6 4. cxd5 cxd5 5. Nc3 Nc6 6. Bf4 Bf5 7. e3 e6 8. Qb3 Bb4 9. Bb5 O-O 10. O-O Bd6 11.
Bxd6 Qxd6 12. Rfc1 Rfc8 13. Na4 b6 14. Ba6 Rc7 15.
Qd1 Nb4 16. Rxc7 Qxc7 17. Rc1 Bc2 18. Qd2 Nxa6 19. Rxc2 Qb7 20. Qc1 Ne4 21. a3 Nd6 22. Ne5 Rc8 23. g3 Nb8 24. Kg2 f6 25. Nd3 Kf8 26. Nf4 Ke7 27. h4 Rxc2 28. Qxc2 Qc6 29. Qxh7 Qxa4 30. Qxg7+ Ke8 31. Qh8+ Kd7 32. Qxb8 e5 33.
Nxd5 Qc6 34. Qxa7+ Ke6 35. e4 Nxe4 36. Qe7+ Kxd5 37. dxe5 fxe5 38. Qf7+ Kd4 39. Qf3 Nc5 40. Qxc6 1-0

[Event "*** SCC Grand Prix: Titled Tuesday Blitz"]
[Site "Chess.com"]
[Date "2020.08.25"]
[Round "9"]
[White "dopolian"]
[Black "IrinaDrogovoz"]
[Result "0-1"]
[WhiteElo "2470"]
[BlackElo "2397"]
[TimeControl "180+1"]
[EndTime "11:46:35 PDT"]
[Termination "IrinaDrogovoz won by resignation"]

1. Nf3 Nf6 2. c4 g6 3. b3 Bg7 4. Bb2 O-O 5. g3 c6 6. Bg2 d5 7.
O-O dxc4 8. bxc4 c5 9. d3 Nc6 10. Nbd2 Qc7 11. Qc2 b6 12. a3 Bb7 13. Bc3 Rad8 14.
Rfb1 Qb8 15. a4 Qa8 16. a5 bxa5 17. Rxb7 Qxb7 18. Ne5 Nb4 19. Bxb4 Qxb4 20. Nc6 Qb6 21.
Nxd8 Rxd8 22. Rb1 Qc7 23. Qb3 Nd7 24. Qb5 Bc3 25. Ne4 Rb8 26. Nxc3 Rxb5 27. Nxb5 Qb6 28. Nc3 Qf6 29. Nd5 Qd6 30. Ra1 e6 31. Nc3 Qe5 32.
Ra3 Nb6 33. Bf3 Qg5 34. e3 Qd8 35. Be2 Qf6 36. Nb5 Qb2 37. Bf1 a4 38. d4 a6 39.
dxc5 axb5 40. cxb6 Qxa3 41. b7 Qf8 42. c5 a3 43. c6 Qb8 0-1

[Event "*** SCC Grand Prix: Titled Tuesday Blitz"]
[Site "Chess.com"]
[Date "2020.08.25"]
[Round "9"]
[White "Anton_Demchenko"]
[Black "FairChess_on_YouTube"]
[Result "1/2-1/2"]
[WhiteElo "2854"]
[BlackElo "2983"]
[TimeControl "180+1"]
[EndTime "11:46:36 PDT"]
[Termination "Game drawn by agreement"]

1. d4 Nf6 2. Nf3 g6 3. Bf4 Bg7 4. c3 O-O 5. Nbd2 d5 6. e3 c5 7. h3 Nc6 8. Be2 Nd7 9. O-O e5 10. dxe5 Ndxe5 11. Qb3 Qb6 12. Rfd1 Be6 13. Ng5 c4 14.
Qa3 a5 15. b3 Nd3 16. bxc4 Nxf4 17. exf4 d4 18. Rab1 Qc7 19. Nxe6 fxe6 20. cxd4 Nxd4 21. Bf3 Qxf4 22. Qe3 Rad8 23. c5 Qf5 24. Be4 Qh5 25.
Nf3 Qxc5 26. Bxb7 Nxf3+ 27. Bxf3 Qxe3 28. fxe3 Bf6 29. Kf2 Rxd1 30. Rxd1 Rd8 31. Rxd8+ Bxd8 32. a4 1/2-1/2

[Event "*** SCC Grand Prix: Titled Tuesday Blitz"]
[Site "Chess.com"]
[Date "2020.08.25"]
[Round "9"]
[White "Jumbo"]
[Black "Beltraxtor"]
[Result "1-0"]
[WhiteElo "2780"]
[BlackElo "2546"]
[TimeControl "180+1"]
[EndTime "11:46:39 PDT"]
[Termination "Jumbo won by resignation"]

1. d4 d5 2. Bf4 Nf6 3. e3 c5 4.
c3 e6 5. Nf3 Bd6 6. Bg3 Qc7 7. dxc5 Bxg3 8. hxg3 Qxc5 9. Qd4 Qxd4 10. exd4 Bd7 11. a4 a5 12. Ne5 Nc6 13. Nd3 b6 14. f3 h5 15. Na3 Ke7 16. Nb5 g6 17. Kd2 Na7 18. Ne5 Nxb5 19. Bxb5 Bxb5 20. axb5 Nd7 21.
Nd3 Rhc8 22. b3 Rc7 23. Rhc1 Kd6 24. Rc2 e5 25. dxe5+ Nxe5 26. Nb2 Rc5 27. c4 dxc4 28. bxc4 Rac8 29. Rac1 Ke6 30. f4 Ng4 31. Na4 f5 32. Nxb6 Rd8+ 33. Ke2 Nf6 34. Na4 Rc7 35. c5 Ne4 36. c6 Rd4 37. b6 Rxa4 38. bxc7 Nd6 39. Rd1 1-0

[Event "*** SCC Grand Prix: Titled Tuesday Blitz"]
[Site "Chess.com"]
[Date "2020.08.25"]
[Round "9"]
[White "IvanSoriano1"]
[Black "rynos0411"]
[Result "1-0"]
[WhiteElo "2577"]
[BlackElo "2427"]
[TimeControl "180+1"]
[EndTime "11:46:40 PDT"]
[Termination "IvanSoriano1 won by resignation"]

1. d4 Nf6 2. Nf3 e6 3. Bf4 d5 4.
e3 c5 5. Nbd2 Nc6 6. c3 Bd6 7.
Bg3 O-O 8. Bd3 b6 9. Qe2 Bb7 10. Rd1 Qc7 11. e4 dxe4 12. Nxe4 Nxe4 13. Qxe4 g6 14. Qh4 cxd4 15. Bxd6 Qxd6 16. O-O Qe7 17. Qxe7 Nxe7 18. Nxd4 Rfd8 19. Bc4 Rac8 20. Nxe6 fxe6 21.
Bxe6+ Kf8 22. Bxc8 Rxc8 23. Rd7 Rb8 24. Re1 Nf5 25.
g4 Nh4 26. Ree7 Bc6 27. Rxa7 Rd8 28. Rf7+ Kg8 29. Rg7+ Kf8 30. Raf7+ Ke8 31. Rg8+ Kxf7 32. Rxd8 Nf3+ 33. Kg2 Ne5+ 34. Kg3 Ke7 35. Rh8 Bd5 36.
Rxh7+ Kf6 37. f4 Nd3 38. g5+ Kf5 39. Rd7 Nxf4 40. Rd6 Nh5+ 41. Kh4 Bxa2 42. Rxb6 Nf4 43. Rf6+ Ke5 44. Kg4 Be6+ 45. Kf3 Bd5+ 46. Ke3 Be4 47. Rxf4 1-0

[Event "*** SCC Grand Prix: Titled Tuesday Blitz"]
[Site "Chess.com"]
[Date "2020.08.25"]
[Round "9"]
[White "Vesper2018"]
[Black "dretch"]
[Result "0-1"]
[WhiteElo "2586"]
[BlackElo "2765"]
[TimeControl "180+1"]
[EndTime "11:46:41 PDT"]
[Termination "dretch won on time"]

1. e4 e6 2. d4 d5 3. e5 c5 4. c3 Nc6 5. Nf3 Bd7 6. Be2 Qb6 7. a3 Nge7 8. b4 cxd4 9. cxd4 Nf5 10. Bb2 Rc8 11. O-O Be7 12. Qd2 O-O 13. g4 Nh6 14. h3 f6 15. exf6 Rxf6 16. g5 Rxf3 17. Bxf3 Nf5 18.
Rd1 Qd8 19. Qd3 Bd6 20. Qd2 Nh4 21. Bg4 Ng6 22. Nc3 Bf4 23. Qe2 Qxg5 24. Kh1 Re8 25. Rg1 Qh4 26. Rg2 Nxd4 27. Qd3 Be5 28. Bc1 Nb3 29.
Nxd5 Nxa1 30. Nc7 Bxc7 31. Qxd7 Qe7 32. Qd3 Rd8 33. Qe4 Qd6 34. Qxe6+ Qxe6 35. Bxe6+ Kf8 36. Bg4 Nb3 37. Bb2 Rd2 38. Bc3 Rc2 0-1

[Event "*** SCC Grand Prix: Titled Tuesday Blitz"]
[Site "Chess.com"]
[Date "2020.08.25"]
[Round "9"]
[White "CraiggoryC"]
[Black "YIYUKI"]
[Result "1/2-1/2"]
[WhiteElo "2129"]
[BlackElo "2284"]
[TimeControl "180+1"]
[EndTime "11:46:42 PDT"]
[Termination "Game drawn - insufficient material"]

1. e4 d6 2. d4 Nf6 3. Nc3 g6 4.
g3 Bg7 5. Bg2 O-O 6. Nge2 c6 7.
a4 Nbd7 8. O-O e5 9. h3 exd4 10.
Nxd4 Re8 11. Re1 a5 12. Kh2 Nc5 13. Bf4 Qe7 14. Qd2 Nh5 15. Bg5 Bf6 16. Bxf6 Qxf6 17. Rad1 Bd7 18. Nb3 Nxb3 19. cxb3 Rad8 20. Qxd6 Qxf2 21. Rf1 Qe3 22. Qc7 Qg5 23. Rxd7 Rxd7 24. Qxd7 Qxg3+ 25. Kh1 Rf8 26. Qg4 Qe3 27. Rf3 Qc1+ 28.
Kh2 Qxb2 29. e5 Qxb3 30. Ne4 Qe6 31. Qxe6 fxe6 32. Rxf8+ Kxf8 33. Nf6 Nxf6 34. exf6 Kf7 35. Kg3 Kxf6 36. h4 b5 37. Bxc6 bxa4 38. Bxa4 e5 39.
Kg4 h5+ 40. Kf3 g5 41. hxg5+ Kxg5 42. Kg3 Kf5 43. Bc2+ Ke6 44. Kh4 Kd5 45. Kxh5 e4 46. Kg4 e3 47. Kf3 Kd4 48. Ke2 a4 49. Bxa4 Kc5 50.
Kxe3 1/2-1/2

[Event "*** SCC Grand Prix: Titled Tuesday Blitz"]
[Site "Chess.com"]
[Date "2020.08.25"]
[Round "9"]
[White "mamey78"]
[Black "Artem_Sadovsky"]
[Result "1-0"]
[WhiteElo "2436"]
[BlackElo "2540"]
[TimeControl "180+1"]
[EndTime "11:46:46 PDT"]
[Termination "mamey78 won by resignation"]

1. e4 c6 2. d4 d5 3. exd5 cxd5 4.
c4 Nf6 5. Nc3 e6 6. Nf3 Nc6 7.
cxd5 Nxd5 8. Bc4 Bb4 9. Qc2 Nb6 10. Bb5 O-O 11. a3 Be7 12. Be3 Bd7 13. Bd3 h6 14.
O-O Rc8 15. Qe2 Na5 16. Ne5 Bf6 17. Qg4 Bg5 18. Rad1 f5 19. Qf3 f4 20. Bc1 Bc6 21.
Nxc6 Nxc6 22. Qe4 Qf6 23. d5 Ne5 24. Qh7+ Kf7 25. Ne4 Nxd5 26. Nd6+ Ke7 27. Nxc8+ Rxc8 28. Rfe1 Rxc1 29. Rxc1 Nxd3 30. Qxd3 f3 31. Qxd5 Bxc1 32.
Qxb7+ Kf8 33. Rxc1 Kg8 1-0

[Event "*** SCC Grand Prix: Titled Tuesday Blitz"]
[Site "Chess.com"]
[Date "2020.08.25"]
[Round "9"]
[White "londonkid"]
[Black "Korchmar_Vasiliy"]
[Result "0-1"]
[WhiteElo "2463"]
[BlackElo "2614"]
[TimeControl "180+1"]
[EndTime "11:46:48 PDT"]
[Termination "Korchmar_Vasiliy won by resignation"]

1. d4 d5 2. c4 c6 3. cxd5 cxd5 4. Nf3 Nf6 5. Nc3 Nc6 6. Bf4 Nh5 7. Bg5 h6 8. Bd2 e6 9. e3 Bd6 10. Bd3 O-O 11. O-O f5 12. Ne5 Bxe5 13. Qxh5 Bd6 14. f4 Bd7 15. a3 Rc8 16. Kh1 Na5 17. Rad1 Nc4 18. Bxc4 Rxc4 19. Rf3 Be8 20. Qh3 b5 21.
Rg1 Bg6 22. g4 fxg4 23. Qxg4 Rf6 24. h4 Bf8 25. Kh2 b4 26. axb4 Rxb4 27. Nxd5 Qxd5 28. Bxb4 Bxb4 29. e4 Qh5 30. Rfg3 Bf8 31. e5 Rf7 32. Qxg6 Qxh4+ 33. Rh3 Qxf4+ 34. Qg3 Qxd4 35. Rxh6 Qd2+ 36. Rg2 Qxh6+ 37. Kg1 Bc5+ 0-1

[Event "*** SCC Grand Prix: Titled Tuesday Blitz"]
[Site "Chess.com"]
[Date "2020.08.25"]
[Round "9"]
[White "Keures"]
[Black "SlavenPastar"]
[Result "0-1"]
[WhiteElo "2296"]
[BlackElo "2436"]
[TimeControl "180+1"]
[EndTime "11:46:49 PDT"]
[Termination "SlavenPastar won by resignation"]

1. d4 b6 2. c4 Bb7 3. Nc3 Nf6 4. Qc2 e6 5. e3 Bb4 6. Bd2 O-O 7. Nf3 d5 8. a3 Bxc3 9. Bxc3 Ne4 10. cxd5 Nxc3 11. bxc3 Qxd5 12. Bd3 Qh5 13. Be4 Bxe4 14. Qxe4 Nd7 15.
O-O Nf6 16. Qc6 Rac8 17. c4 Rfd8 18. a4 a5 19. Rac1 h6 20. c5 Qd5 21. cxb6 Qxc6 22.
Rxc6 cxb6 23. Rxb6 Rc4 24. Ne5 Rxa4 25. Rb7 Ra8 26.
g3 Rb4 27. Rxf7 a4 28. Rc7 a3 29. Rcc1 a2 30. Ra1 Ne4 31. Kg2 Nd2 32. Nd3 Rba4 33. Nc5 Rb4 34. Rfd1 Rb1 35. Nb3 Rxd1 36. Rxd1 Nxb3 0-1

[Event "*** SCC Grand Prix: Titled Tuesday Blitz"]
[Site "Chess.com"]
[Date "2020.08.25"]
[Round "9"]
[White "Bastiandash"]
[Black "Blagorod"]
[Result "1-0"]
[WhiteElo "2389"]
[BlackElo "2172"]
[TimeControl "180+1"]
[EndTime "11:46:49 PDT"]
[Termination "Bastiandash won by resignation"]

1. e4 e5 2. Nf3 Nf6 3. Nxe5 d6 4. Nf3 Nxe4 5. Nc3 Nxc3 6. dxc3 Be7 7. Be3 Nc6 8. Bd3 Be6 9. Qd2 Qd7 10. O-O-O O-O-O 11. Kb1 Kb8 12. Rhe1 f6 13. h3 Bf7 14. c4 Ne5 15.
Nxe5 dxe5 16. b3 Qc6 17. f3 Bc5 18. Qe2 Bb4 19. Bd2 Bxd2 20. Rxd2 a5 21. Be4 Qb6 22. Red1 c6 23. Rd7 Be6 24. c5 Qb4 25. Rxd8+ Rxd8 26. Rxd8+ Kc7 27. Qd2 Qxc5 28. Rh8 Kb6 29. Qd8+ Ka6 30.
Qa8+ Kb6 31. Qd8+ Ka6 32. Bd3+ b5 33. Qa8+ Kb6 34. Rb8+ Kc7 35. Qb7+ Kd6 36. Rd8+ 1-0